 Dungeon Crawl Stone Soup version 0.25.0-9-g26727b657a (webtiles) character file.

Game seed: 17147397987207216225

9 mopl the Stinger (level 2, 0/17 HPs)
             Began as an Octopode Venom Mage on June 17, 2020.
             Slain by a jackal (1 damage)
             ... on level 1 of the Dungeon.
             The game lasted 00:00:40 (206 turns).

mopl the Stinger (Octopode Venom Mage)               Turns: 206, Time: 00:00:40

Health: 0/17       AC:  1    Str:  7    XL:     2   Next: 12%
Magic:  4/5        EV: 13    Int: 17    God:
Gold:   15         SH:  0    Dex: 12    Spells: 4/5 levels left

rFire    . . .     SeeInvis .   (no weapon)
rCold    . . .     Gourm    .   (no shield)
rNeg     . . .     Faith    .   (helmet restricted)
rPois    .         Spirit   .   (no amulet)
rElec    .         Reflect  .   (no ring)
rCorr    .         Harm     .   (no ring)
MR       .....                  (no ring)
Stlth    +++.......             (no ring)
HPRegen  0.05/turn              (no ring)
MPRegen  0.09/turn              (no ring)
                                (no ring)
                                (no ring)

@: very slightly contaminated
A: almost no armour, stealthy swim, amphibious, 8 rings, constrict 8, camouflage
1, gelatinous body 1
a: no special abilities


You were on level 1 of the Dungeon.
You were not hungry.

You visited 1 branch of the dungeon, and saw 1 of its levels.

You collected 15 gold pieces.

Inventory:

Scrolls
 c - a scroll of amnesia {unknown}
 d - a scroll of enchant weapon {unknown}
Comestibles
 a - 2 chunks of flesh
 b - a ration


   Skills:
 - Level 2.0 Dodging
 - Level 2.6 Stealth
 + Level 2.1 Spellcasting
 + Level 1.3 Transmutations
 * Level 4.0 Poison Magic


You had 4 spell levels left.
You knew the following spells:

 Your Spells              Type           Power        Failure   Level  Hunger
a - Sting                 Tmut/Pois      ##..         6%          1    #......

Your spell library contained the following spells:

 Spells                   Type           Power        Failure   Level  Hunger
 Poisonous Vapours        Pois/Air       #.....       13%         2    ###....
 Ignite Poison            Fire/Tmut/Pois #.......     28%         3    ###....
 Mephitic Cloud           Conj/Pois/Air  #.......     32%         3    ###....
 Olgreb's Toxic Radiance  Pois           ###.....     34%         4    #####..


Dungeon Overview and Level Annotations

Branches:
Dungeon (1/15)

Altars:


Innate Abilities, Weirdness & Mutations

You cannot wear most types of armour.
You are very stealthy in the water. (Stealth+)
You are amphibious.
You can wear up to eight rings at the same time.
You can use your tentacles to constrict eight enemies at once.
Your skin changes colour to match your surroundings (Stealth+).
Your rubbery body absorbs attacks. (AC +1, EV +1)


Message History

The jackal is moderately wounded.
The jackal misses you. The jackal bites you.
You tentacle-slap the jackal. Your grab misses the jackal.
You squeeze the jackal.
You kill the jackal!
The jackal bites you.
* * * LOW HITPOINT WARNING * * *
You miss the jackal. Your grab misses the jackal. The jackal barely misses you.
You tentacle-slap the jackal. Your grab misses the jackal.
The jackal is lightly wounded.
The jackal bites you but does no damage.
You barely miss the jackal. You grab the jackal.
The jackal is lightly wounded.
You constrict the jackal. The jackal barely misses you. The jackal bites you.
* * * LOW HITPOINT WARNING * * *
You barely miss the jackal.
The jackal is moderately wounded.
You constrict the jackal, but do no damage.
The jackal bites you.
You die...

#..........#
#..........#
##########.....)....#
#.......#....h......#
#.......#...........#
##.#รท#..#..#..#####...
#>.#.#..#.###..h# ...%
####.####.# ###h# ...
#####.####.# #@# ..
...........# #........
###.######.# ##..#....
###'### ##.> .## ..
#.....## .## ..
.......# ## ###
..###..# #..<..##
#######


You could see 2 jackals.

Vanquished Creatures
  A dart slug (D:1)
  3 jackals (D:1)
  A bat (D:1)
  2 rats (D:1)
7 creatures vanquished.

Notes
Turn   | Place    | Note
-------+----------+-------------------------------------------
     0 | D:1      | mopl the Octopode Venom Mage began the quest for the Orb.
     0 | D:1      | Reached XP level 1. HP: 11/11 MP: 3/3
   198 | D:1      | Reached skill level 4 in Poison Magic
   198 | D:1      | Reached XP level 2. HP: 7/17 MP: 5/5
   206 | D:1      | Slain by a jackal

Illustrated notes

Levels and vault maps discovered:
D:1:      dpeg_arrival_renting, layout_rooms

Skill      XL: |  1 |
---------------+----+-----
Poison Magic   | 4 |  4.0
Dodging        | |  2.0
Stealth        | |  2.6
Spellcasting   | |  2.1
Transmutations | |  1.3

Action                   || total
-------------------------++-------
Melee: Unarmed           ||    26
       Constrict         ||     7
       Tentacles         ||     5
 Stab: Sleeping          ||     1
Armor: Skin              ||     3
Dodge: Dodged            ||    21
